 Dungeon Crawl Stone Soup version 0.24.0-37-gcf1ca852f1 (webtiles) character file.

Game seed: 14063099233683380332, levelgen mode: deterministic

108 Delamore the Chopper (level 4, -1/39 HPs)
             Began as a Hill Orc Fighter on Nov 23, 2019.
             Slain by Sigmund
             ... wielding a +2 scythe of protection
              (8 damage)
             ... on level 2 of the Dungeon.
             The game lasted 00:02:18 (1259 turns).

Delamore the Chopper (Hill Orc Fighter)             Turns: 1259, Time: 00:02:19

Health: -1/39      AC:  8    Str: 13    XL:     4   Next: 87%
Magic:  4/4        EV:  6    Int:  8    God:
Gold:   41         SH:  8    Dex: 10    Spells: 3/3 levels left

rFire    . . .     SeeInvis .   a - +0 war axe
rCold    . . .     Gourm    .   c - +0 shield
rNeg     . . .     Faith    .   b - +0 scale mail
rPois    .         Spirit   .   m - +0 helmet
rElec    .         Reflect  .   (no cloak)
rCorr    .         Harm     .   (no gloves)
MR       .....                  (no boots)
Stlth    ..........             h - amulet of regeneration
HPRegen  0.53/turn              j - -6 ring of strength (curse)
MPRegen  0.09/turn              (no ring)

@: no status effects
A: no striking features
a: no special abilities


You were on level 2 of the Dungeon.
You were hungry.

You visited 1 branch of the dungeon, and saw 2 of its levels.

You collected 41 gold pieces.

Inventory:

Hand Weapons
 a - a +0 war axe (weapon)
Armour
 b - a +0 scale mail (worn)
 c - a +0 shield (worn)
 m - a +0 helmet (worn)
Jewellery
 h - an amulet of regeneration (around neck)
 j - a cursed -6 ring of strength (left hand)
Scrolls
 e - a scroll of identify
 k - a scroll of enchant armour
 n - 3 scrolls of amnesia
 o - a scroll of immolation
Potions
 d - a potion of might
 g - 2 potions of curing
 i - a potion of flight {unknown}
Comestibles
 f - 5 rations
 l - a chunk of flesh


   Skills:
 - Level 3.6 Fighting
 + Level 6.5 Axes
 - Level 3.2 Armour
 - Level 3.2 Shields


You had 3 spell levels left.
You didn't know any spells.
Your spell library was empty.

Dungeon Overview and Level Annotations

Branches:
Dungeon (2/15)

Altars:
Gozag

Annotations:
D:2 Sigmund


Message History

The magic dart hits you but does no damage.
You see here a leopard gecko corpse.
You hit something. You block something's attack.
You closely miss something. Something hits you but does no damage.
You miss something. Something hits you.
You miss something. Something hits you.
You hit something. You barely miss something. You block something's attack.
You slash something! Something hits you.
You are feeling hungry.
You miss something. Something hits you.
You closely miss something. Something hits you.
Your shield and scale mail prevent you from hitting something.
You miss something.
You hear some strange, mumbled words.
A magic dart appears from out of thin air!
The magic dart hits you.
* * * LOW HITPOINT WARNING * * *
Something hits you!
You die...

. ....##########
.............#
....########.# . #.#
#.# #{# # #####@####
#. #........# ##'#
#.###.##.# ##...###
#.###.##.# #......#
#.##..##.# ......_##
#..#.###.#
........####..(.###.#
........'.....>.....#
........###....)....#


There were no monsters in sight!

Vanquished Creatures
  Terence (D:2)
  Robin (D:2)
  4 worms (D:2)
  A dart slug (D:2)
  4 leopard geckos
  2 bats (D:1)
  4 giant cockroaches
  12 goblins
  7 hobgoblins
  3 kobolds
  6 frilled lizards
  6 rats
51 creatures vanquished.

Notes
Turn   | Place    | Note
-------+----------+-------------------------------------------
     0 | D:1      | Delamore the Hill Orc Fighter began the quest for the Orb.
     0 | D:1      | Reached XP level 1. HP: 19/19 MP: 1/1
    21 | D:1      | Reached skill level 3 in Axes
   115 | D:1      | Reached XP level 2. HP: 25/26 MP: 2/2
   165 | D:1      | Reached skill level 4 in Axes
   544 | D:2      | Noticed Terence
   548 | D:2      | Reached XP level 3. HP: 31/31 MP: 3/3
   559 | D:2      | Killed Terence
   559 | D:2      | Reached skill level 5 in Axes
   666 | D:2      | Reached XP level 4. HP: 39/39 MP: 4/4
  1028 | D:2      | Reached skill level 6 in Axes
  1147 | D:2      | Noticed Robin
  1168 | D:2      | Killed Robin
  1169 | D:2      | Found an opulent altar of Gozag.
  1216 | D:2      | Noticed Sigmund
  1259 | D:2      | Slain by Sigmund

Levels and vault maps discovered:
D:1:      onia_arrival_pentagram, layout_loops_cross
D:2:      layout_loops_corners, overflow_temple_1_default, uniq_terence,
          uniq_robin, uniq_sigmund

Skill      XL: |  1  2  3  4 |
---------------+-------------+-----
Axes           | 3 4 5 6 |  6.5
Fighting       | |  3.6
Armour         | |  3.2
Shields        | |  3.2

Action                   |  1- 3 |  4- 6 || total
-------------------------+-------+-------++-------
Melee: War axe           |    74 |    92 ||   166
  Use: Scroll            |     1 |     2 ||     3
  Eat: Chunk             |       |     1 ||     1
Armor: Scale mail        |    37 |    31 ||    68
Dodge: Dodged            |    16 |    13 ||    29
Block: Shield            |    26 |    31 ||    57
